 Dungeon Crawl Stone Soup version 0.25-a0-248-g18654cfe15 (webtiles) character file.

Game seed: 15698900475360327563, levelgen mode: deterministic

46628 MrRokkomies the Warrior (level 14, -3/121 HPs)
             Began as a Ghoul Monk on Dec 4, 2019.
             Was the Champion of Hepliaklqana.
             Slain by an orc warrior
             ... wielding a +4 trident
              (10 damage)
             ... on level 2 of the Orcish Mines.
             The game lasted 01:05:03 (17702 turns).

MrRokkomies the Warrior (Ghoul Monk)               Turns: 17702, Time: 01:05:04

Health: -3/121     AC: 23    Str: 20    XL:     14   Next: 38%
Magic:  21/21      EV:  7    Int:  5    God:    Hepliaklqana [******]
Gold:   741        SH:  3    Dex: 13    Spells: 13/13 levels left

rFire    + . .     SeeInvis +   a - +11 mace of the Final Decision {venom, +Inv Dex+2}
rCold    + + .     Gourm    .   k - +0 buckler
rNeg     + + +     Faith    +   W - +1 plate armour {rC+}
rPois    ∞         Spirit   .   J - +1 helmet {SInv}
rElec    .         Reflect  .   f - +1 cloak
rCorr    +         Harm     .   P - +1 pair of gloves
MR       +....                  Q - +0 pair of boots
Stlth    ..........             h - amulet of faith
HPRegen  0.00/turn              S - ring of protection from fire
MPRegen  0.17/turn              n - ring of resist corrosion

@: rotting
A: rotting body, reduced essence, claws 1, carnivore, cold resistance 1,
negative energy resistance 3, inhibited regeneration, torment resistance,
unbreathing
a: Recall Ancestor, Ancestor Identity, Transference, Idealise, Renounce
Religion, Evoke Invisibility


You were on level 2 of the Orcish Mines.
You worshipped Hepliaklqana.
Hepliaklqana was exalted by your worship.
You were not hungry.

You visited 3 branches of the dungeon, and saw 18 of its levels.

You collected 1905 gold pieces.
You spent 1164 gold pieces at shops.

Inventory:

Hand Weapons
 a - the +11 mace of the Final Decision (weapon) {venom, +Inv Dex+2}
   (You bought it in a shop on level 1 of the Orcish Mines)

   It poisons the flesh of those it strikes.
   It affects your dexterity (+2).
   It lets you turn invisible.
 b - a +0 longbow
 B - a +1 great mace of draining
 N - a +1 whip of electrocution
Missiles
 d - 220 arrows
 e - 91 poisoned darts (quivered)
Armour
 f - a +1 cloak (worn)
 k - a +0 buckler (worn)
 J - a +1 helmet of see invisible (worn)
 P - a +1 pair of gloves (worn)
 Q - a +0 pair of boots (worn)
 W - a +1 plate armour of cold resistance (worn)
Magical Staves
 v - an uncursed staff of wizardry
Jewellery
 h - an amulet of faith (around neck)
 n - a ring of resist corrosion (right hand)
 G - an uncursed ring of stealth
 I - an uncursed ring of ice
 S - a ring of protection from fire (left hand)
Wands
 l - a wand of paralysis (6)
 o - a wand of polymorph (9)
 q - a wand of flame (17)
 E - a wand of acid (2)
 F - a wand of clouds (4)
 T - a wand of digging (5)
Scrolls
 g - 2 scrolls of teleportation
 i - 8 scrolls of remove curse
 s - 3 scrolls of enchant armour
 t - 2 scrolls of identify
 w - a scroll of immolation
 z - 3 scrolls of amnesia
 R - a scroll of magic mapping
 U - a scroll of fog
 V - a scroll of enchant weapon
Potions
 m - 7 potions of curing
 x - 2 potions of haste
 A - 2 potions of might
 C - a potion of cancellation
 D - 5 potions of agility
 H - a potion of brilliance
Miscellaneous
 O - a fan of gales (inert)
Comestibles
 c - 32 rations


   Skills:
 - Level 15.0 Fighting
 * Level 13.4 Maces & Flails
 + Level 9.3 Armour
 - Level 3.4 Dodging
 - Level 2.1 Stealth
 + Level 10.8 Invocations


You had 13 spell levels left.
You didn't know any spells.
Your spell library contained the following spells:

 Spells                   Type           Power        Failure   Level  Hunger
 Foxfire                  Conj/Fire      #...         100%        1    ##.....
 Freeze                   Ice            #...         100%        1    ##.....
 Infusion                 Chrm           #...         100%        1    ##.....
 Sting                    Tmut/Pois      #...         100%        1    ##.....
 Poisonous Vapours        Pois/Air       #.....       100%        2    ###....
 Shroud of Golubria       Chrm/Tloc      #.....       100%        2    ###....
 Song of Slaying          Chrm           #.......     100%        2    ###....
 Sticks to Snakes         Tmut           #.......     100%        2    ###....
 Conjure Flame            Conj/Fire      #.......     100%        3    ####...
 Ignite Poison            Fire/Tmut/Pois #.......     100%        3    ####...
 Inner Flame              Hex/Fire       #.......     100%        3    ####...
 Mephitic Cloud           Conj/Pois/Air  #.......     100%        3    ####...
 Ozocubu's Armour         Chrm/Ice       #.......     100%        3    ####...
 Regeneration             Chrm/Necr      #.........   100%        3    ####...
 Spectral Weapon          Hex/Chrm       #.......     100%        3    ####...
 Hailstorm                Conj/Ice       #.......     100%        4    #####..
 Olgreb's Toxic Radiance  Pois           #.......     100%        4    #####..
 Sticky Flame             Conj/Fire      #.......     100%        4    #####..
 Summon Ice Beast         Ice/Summ       #.......     100%        4    #####..
 Fireball                 Conj/Fire      #.........   100%        5    ######.
 Beastly Appendage        Tmut           Unusable     N/A         1    N/A
 Spider Form              Tmut/Pois      Unusable     N/A         3    N/A
 Ice Form                 Ice/Tmut       Unusable     N/A         4    N/A
 Blade Hands              Tmut           Unusable     N/A         5    N/A

Dungeon Overview and Level Annotations

Branches:
Dungeon (10/15)            Temple (0/1) D:4            Lair (6/6) D:9
 Shoals (0/4) Lair:2        Snake (0/4) Lair:2        Slime (0/5) Lair:6
    Orc (2/2) D:10            Elf (0/3) Orc:2

Altars:
Ashenzari
Elyvilon
Gozag
Hepliaklqana
Kikubaaqudgha
Nemelex Xobeh
Ru
Yredelemnul
Zin
The Shining One
Beogh
Jiyva

Shops:
D:4 !   D:5 !   D:8 *   D:9 *   D:10 }   Orc:1 (!%   Orc:2 *[%(:

Annotations:
D:7 2 transporters, mokwee's ghost, novice OpWz


Innate Abilities, Weirdness & Mutations

Your body is rotting away.
You thrive on raw meat.
You are immune to poison.
You have sharp fingernails.
You are carnivorous and can eat meat at any time.
Your flesh is cold resistant. (rC+)
You are immune to negative energy. (rN+++)
You do not regenerate when monsters are visible.
You are immune to unholy pain and torment.
You can survive without breathing.
Your life essence is reduced to manifest your ancestor. (-10% HP)


Message History

Zarja hits the orc knight with a +0 flail!
You hit the orc knight but do no damage.
The orc knight looks as sick as possible!
The orc knight is almost dead.
The orc knight hits you with a +3 long sword!
You block the orc warrior's attack.
You thump the orc knight!
You kill the orc knight!
The orc warrior hits you from afar with a +4 trident!
* * * LOW HITPOINT WARNING * * *
The orc warrior hits you with a +4 trident!!
* * * LOW HITPOINT WARNING * * *
Your plate armour prevents you from hitting the orc warrior.
Zarja barely misses the orc warrior.
You closely miss the orc warrior. The orc warrior barely misses you.
Zarja hits the orc warrior with a +0 flail!
You sock the orc warrior!
The orc warrior is poisoned.
The orc warrior is severely wounded.
The orc warrior hits you with a +4 trident!
You die...

... ## ... ..... ...... #.....#
..... ...... #.##.#... ......
....###......#.. ......
................ #.......
................ ##### ##.......
................##.(.####....#...
...#............).....##........P
.............##.@.....##.....P...
...............oR................
..)<[..................#.........
................................\
...[[[..............#.#...#..P...
...................##....##......
...[.........................P..8
...[..........................PP.
...[................#..#.........


You could see the friendly Zarja the knight and an orc warrior.

Vanquished Creatures
  2 orc warlords
  An ettin (Orc:1)
  2 hydras
  A catoblepas (Lair:6)
  3 death yaks (Lair:6)
  2 orc high priests (Orc:2)
  Sonja (Orc:1)
  2 orc knights
  An oklob plant (Lair:5)
  5 orc sorcerers
  A manticore (Lair:6)
  9 elephants
  5 spiny frogs
  2 black mambas (Lair:6)
  A centaur skeleton (D:10)
  2 rime drakes
  4 komodo dragons
  A polar bear (Lair:3)
  3 trolls
  2 blink frogs (Lair:6)
  6 hippogriffs
  A wyvern (Lair:6)
  A wraith (D:10)
  A spriggan (D:7)
  21 yaks
  A basilisk (Lair:5)
  4 wargs
  2 nagas (Lair:2)
  16 orc warriors
  12 water moccasins
  7 porcupines
  2 phantoms (D:8)
  A necrophage (D:7)
  8 wolves
  3 ogres
  A centaur (D:7)
  7 crocodiles
  A big kobold (D:8)
  9 bullfrogs
  A scorpion (D:8)
  An electric eel (Lair:3)
  A crimson imp (D:7)
  A bullfrog zombie (D:10)
  A quasit (D:8)
  5 jellies
  5 orc priests
  A hound (D:9)
  A bullfrog skeleton (D:10)
  7 orc wizards
  Jessica (D:2)
  3 iguanas
  Natasha (thrice) (D:2)
  9 worker ants
  A worker ant zombie (D:5)
  2 gnolls (D:8)
  5 adders
  A shadow imp (D:5)
  A white imp (D:6)
  4 worms
  4 dart slugs
  9 leopard geckos
  24 orcs
  A ball python (D:6)
  10 bats
  6 giant cockroaches
  8 hobgoblins
  9 jackals
  2 quokkas (D:7)
  4 frilled lizards
  12 goblins
  2 goblin skeletons (D:6)
  2 goblin zombies (D:6)
  3 hobgoblin zombies (D:6)
  11 kobolds
  2 kobold skeletons (D:6)
  7 rats
324 creatures vanquished.

Vanquished Creatures (collateral kills)
  2 hydras
  Erica (Orc:1)
  3 catoblepae (Lair:6)
  2 death yaks (Lair:6)
  2 orc knights (Orc:2)
  A manticore (Lair:6)
  A komodo dragon (Lair:6)
  2 spiny frogs (Lair:5)
  A snapping turtle (Lair:2)
  A blink frog (Lair:6)
  4 hippogriffs
  Sigmund (D:6)
  12 yaks
  Eustachio (D:4)
  2 basilisks
  A warg (Orc:2)
  A naga (Lair:2)
  2 water moccasins
  3 orc warriors
  A porcupine (Lair:4)
  An ice beast (D:9)
  2 sky beasts (D:7)
  4 ogres
  4 wolves
  2 centaurs (D:8)
  2 crocodiles
  A bullfrog (D:7)
  2 scorpions
  A wyvern skeleton (D:8)
  A water moccasin skeleton (D:4)
  3 electric eels
  A crimson imp (D:9)
  5 hounds
  2 jellies (D:9)
  6 orc priests
  4 orc wizards
  A killer bee zombie (D:8)
  A gnoll (D:8)
  2 adders
  A shadow imp (D:9)
  An ooze (D:3)
  A leopard gecko (D:6)
  16 orcs
  A giant cockroach (D:3)
  A goblin (D:3)
  A jackal (D:8)
  4 kobolds (D:8)
  A bat (D:3)
  A kobold zombie (D:6)
  A quokka skeleton (D:4)
  A fungus (Lair:6)
119 creatures vanquished.

Vanquished Creatures (others)
  Fannar (Orc:1)
  7 knights
  21 fungi
  24 plants (Lair:6)
53 creatures vanquished.

Grand Total: 496 creatures vanquished

Notes
Turn   | Place    | Note
-------+----------+-------------------------------------------
     0 | D:1      | MrRokkomies the Ghoul Monk began the quest for the Orb.
     0 | D:1      | Reached XP level 1. HP: 19/19 MP: 0/0
     2 | D:1      | Noticed a ghoul
     4 | D:1      | Noticed a minotaur
     4 | D:1      | Noticed a merfolk
     6 | D:1      | Noticed a formicid
     8 | D:1      | Noticed a dwarf
     8 | D:1      | Noticed a tengu
    10 | D:1      | Noticed a vampire
    10 | D:1      | Noticed a vine stalker
    12 | D:1      | Noticed a draconian
    14 | D:1      | Noticed a felid
    14 | D:1      | Noticed a gargoyle
    16 | D:1      | Noticed a centaur
    16 | D:1      | Noticed a demonspawn
    18 | D:1      | Noticed a demigod
    18 | D:1      | Noticed a spriggan
    20 | D:1      | Noticed a halfling
    20 | D:1      | Noticed an octopode
    22 | D:1      | Noticed a human
    22 | D:1      | Noticed an elf
    24 | D:1      | Noticed a naga
    26 | D:1      | Noticed a troll
    26 | D:1      | Noticed an ogre
   277 | D:1      | Reached XP level 2. HP: 25/26 MP: 1/1
   539 | D:1      | Reached XP level 3. HP: 19/33 MP: 2/2
  1048 | D:2      | Reached skill level 4 in Fighting
  1095 | D:2      | Reached XP level 4. HP: 21/40 MP: 3/3
  1105 | D:2      | Noticed Jessica
  1112 | D:2      | Killed Jessica
  1416 | D:2      | Found a glowing silver altar of Zin.
  1416 | D:2      | Noticed an angel
  1439 | D:2      | Reached XP level 5. HP: 38/47 MP: 4/4
  1446 | D:2      | Noticed Natasha
  1455 | D:2      | Killed Natasha
  1677 | D:2      | Noticed Natasha
  1685 | D:2      | Killed Natasha
  1909 | D:2      | Noticed Natasha
  1917 | D:2      | Killed Natasha
  1917 | D:2      | Reached skill level 5 in Fighting
  2006 | D:3      | Found a basalt altar of Yredelemnul.
  2035 | D:3      | Found a glowing golden altar of the Shining One.
  2037 | D:3      | Found a hazy altar of Hepliaklqana.
  2037 | D:3      | Found a sparkling altar of Nemelex Xobeh.
  2037 | D:3      | Found a sacrificial altar of Ru.
  2055 | D:3      | Became a worshipper of Hepliaklqana the Forgotten
  2055 | D:3      | Reached * piety under Hepliaklqana
  2055 | D:3      | Reached ** piety under Hepliaklqana
  2056 | D:3      | Remembered your ancestor Zarja as a knight
  2450 | D:3      | Reached XP level 6. HP: 50/50 MP: 5/5
  2862 | D:4      | Reached skill level 1 in Armour
  3005 | D:4      | Found a roughly hewn altar of Beogh.
  3108 | D:4      | Reached skill level 1 in Invocations
  3108 | D:4      | Reached XP level 7. HP: 51/55 MP: 6/6
  3109 | D:4      | Found Wyoqah's Distillery.
  3117 | D:4      | Bought a potion of curing for 36 gold pieces
  3117 | D:4      | Bought a potion of heal wounds for 60 gold pieces
  3189 | D:4      | Noticed Eustachio
  3210 | D:4      | Killed Eustachio
  3210 | D:4      | Reached skill level 6 in Fighting
  3210 | D:4      | Reached skill level 5 in Maces & Flails
  3373 | D:4      | Found a staircase to the Ecumenical Temple.
  3454 | D:4      | Reached *** piety under Hepliaklqana
  3655 | D:5      | Entered Level 5 of the Dungeon
  3754 | D:5      | Found Tetecot's Distillery.
  3850 | D:5      | Reached XP level 8. HP: 57/63 MP: 8/8
  4481 | D:6      | Reached **** piety under Hepliaklqana
  4491 | D:6      | Noticed Sigmund
  4502 | D:6      | Killed Sigmund
  4502 | D:6      | Reached skill level 7 in Fighting
  4566 | D:6      | Noticed a two-headed ogre
  4570 | D:6      | Noticed a water nymph
  4570 | D:6      | a two-headed ogre changed into a water nymph
  4815 | D:6      | Found a glowing golden altar of the Shining One.
  4927 | D:7      | Noticed a hippogriff
  4935 | D:7      | Killed a hippogriff
  5007 | D:7      | Reached skill level 8 in Fighting
  5007 | D:7      | Reached XP level 9. HP: 63/72 MP: 10/10
  5203 | D:7      | Found a transporter.
  5208 | D:7      | Found a transporter.
  5213 | D:7      | Noticed mokwee's ghost (novice OpWz)
  5239 | D:7      | Noticed a moth of wrath
  5996 | D:8      | Reached skill level 9 in Fighting
  6075 | D:8      | Reached skill level 5 in Invocations
  6428 | D:8      | Reached XP level 10. HP: 63/81 MP: 12/12
  6502 | D:8      | Reached ***** piety under Hepliaklqana
  6711 | D:8      | Found a white marble altar of Elyvilon.
  6711 | D:8      | Found a faded altar of an unknown god.
  6724 | D:8      | Found an ancient bone altar of Kikubaaqudgha.
  6726 | D:8      | Found an opulent altar of Gozag.
  6728 | D:8      | Found a faded altar of an unknown god.
  6751 | D:8      | Found Dalierr's Assorted Antiques.
  6754 | D:8      | Bought a knobbly diamond ring for 165 gold pieces
  6940 | D:9      | Found Loticvel's Assorted Antiques.
  6976 | D:9      | Reached skill level 10 in Fighting
  7260 | D:9      | Reached skill level 5 in Armour
  7423 | D:9      | Found a staircase to the Lair.
  7554 | D:9      | Got an ebony flail
  7555 | D:9      | Identified the +4 flail "Beetle's Death" {crush, Fragile
                  | rElec Int+6} (You found it on level 9 of the Dungeon)
  7696 | D:9      | Found a shattered altar of Ashenzari.
  7877 | Lair:1   | Entered Level 1 of the Lair of Beasts
  8031 | Lair:1   | Noticed a seven-headed hydra
  8033 | Lair:1   | Reached XP level 11. HP: 85/90 MP: 14/14
  8042 | Lair:1   | Reached skill level 11 in Fighting
  8050 | Lair:1   | Killed a seven-headed hydra
  8490 | Lair:1   | Reached skill level 10 in Maces & Flails
  8514 | Lair:1   | Noticed an eight-headed hydra
  8524 | Lair:1   | Killed an eight-headed hydra
  9003 | Lair:2   | Found a staircase to the Shoals.
  9562 | Lair:2   | Found a staircase to the Snake Pit.
 10011 | Lair:3   | Reached skill level 12 in Fighting
 10651 | Lair:3   | Reached XP level 12. HP: 90/100 MP: 16/16
 11164 | Lair:4   | Reached ****** piety under Hepliaklqana
 12492 | Lair:5   | Reached skill level 13 in Fighting
 12894 | Lair:6   | Entered Level 6 of the Lair of Beasts
 12931 | Lair:6   | Noticed a six-headed hydra
 12935 | Lair:6   | Noticed a death yak
 12952 | Lair:6   | Killed a death yak
 12977 | Lair:6   | Noticed a death yak
 12999 | Lair:6   | Noticed a catoblepas
 13125 | Lair:6   | Killed a six-headed hydra
 13249 | Lair:6   | Found a staircase to the Slime Pits.
 13249 | Lair:6   | Found a viscous altar of Jiyva.
 13472 | Lair:6   | Reached XP level 13. HP: 64/109 MP: 18/18
 13705 | Lair:6   | Reached skill level 14 in Fighting
 14298 | Lair:6   | Reached skill level 10 in Invocations
 15082 | D:10     | Entered Level 10 of the Dungeon
 15242 | D:10     | Found a staircase to the Orcish Mines.
 15336 | D:10     | Found Qemibuu's Gadget Shoppe.
 15720 | Orc:1    | Entered Level 1 of the Orcish Mines
 15722 | Orc:1    | Noticed Erica
 15753 | Orc:1    | Killed Erica
 15853 | Orc:1    | Found Acsitwede's Distillery.
 15886 | Orc:1    | Noticed Fannar
 15886 | Orc:1    | Paralysed by an orc sorcerer for 3 turns
 15897 | Orc:1    | Killed Fannar
 15980 | Orc:1    | Found Ciuge's Food Shoppe.
 15998 | Orc:1    | Noticed Sonja
 16005 | Orc:1    | Killed Sonja
 16026 | Orc:1    | Found a roughly hewn altar of Beogh.
 16048 | Orc:1    | Noticed an ettin
 16075 | Orc:1    | Killed an ettin
 16211 | Orc:2    | Entered Level 2 of the Orcish Mines
 16211 | Orc:2    | Found Zeyh's General Store.
 16225 | Orc:1    | Paralysed by an orc sorcerer for 5 turns
 16232 | Orc:1    | Reached XP level 14. HP: 109/119 MP: 20/20
 16336 | Orc:2    | Reached skill level 15 in Fighting
 16347 | Orc:2    | Found Hesmecsi's Food Boutique.
 16413 | Orc:2    | Noticed an orc warlord
 16435 | Orc:1    | Found Hehui's Weapon Emporium.
 16447 | Orc:1    | Bought the +11 mace of the Final Decision {venom, +Inv
                  | Dex+2} for 768 gold pieces
 16511 | Orc:1    | Killed an orc warlord
 16575 | Orc:2    | Paralysed by an orc sorcerer for 5 turns
 17168 | Orc:2    | Found Sunaam's Antique Armour Shoppe.
 17188 | Orc:2    | Bought a runed helmet for 135 gold pieces
 17273 | Orc:2    | Found Yluu's Antique Weapon Shop.
 17282 | Orc:2    | Noticed an orc warlord
 17300 | Orc:2    | Killed an orc warlord
 17321 | Orc:2    | Found a staircase to the Elven Halls.
 17581 | Orc:2    | Found Saogiabb's Book Shop.
 17702 | Orc:2    | Slain by an orc warrior

Levels and vault maps discovered:
D:1:      kb_arrival_jail, layout_loops_ring, lemuel_flame_loot_1
D:2:      layout_basic, zin_angel, first_ration, minmay_misc_feat_tower,
          uniq_jessica, uniq_natasha
D:3:      layout_loops_corners, grunt_temple_overflow_open
D:4:      layout_loops_corners, minmay_temple_entry_junction, serial_shops,
          nicolae_shop_stone, kennysheep_orc_chapel, uniq_eustachio
D:5:      layout_loops_corners, serial_shops, nicolae_shop_behind_doors
D:6:      layout_cave_pools, nicolae_tso_besieged_by_evil, uniq_sigmund
D:7:      layout_loops_ring, gammafunk_ghost_berserking_beasts, the_bakery,
          kennysheep_pointless_box
D:8:      layout_cave_pools, chequers_temple_overflow_minitemple, serial_shops,
          nicolae_shop_behind_doors
D:9:      layout_layer_cave, lemuel_doored_altar, erik_lair_island,
          serial_shops, nicolae_shop_overgrown_old_shop
D:10:     layout_grid_maze, orc_0_dummy, serial_shops, kennysheep_little_box
Lair:1:   layout_loops_ring, lemuel_fruit_tree, grunt_megastairs_5
Lair:2:   layout_roguey, minmay_shoals_entry_hut,
          minmay_snake_entry_guardpost_small, hangedman_lair_unloving_vines
Lair:3:   layout_hall_layers, serial_bayou, serial_bayou_pond_b,
          serial_bayou_pond_b, serial_bayou_ford_a, serial_bayou_pond_b
Lair:4:   layout_cave_shapes, serial_bayou_shore_a, grunt_megastairs_4
Lair:5:   layout_cave_pods
Lair:6:   evilmike_catoblepas_cave, layout_loops_ring, slime_altar_1,
          chequers_serial_rivers_marsh
Orc:1:    layout_caves, basic_altar, serial_shops, nicolae_shop_trees,
          shop_fountains, shop, uniq_fannar, uniq_sonja, uniq_erica
Orc:2:    grunt_orc_gardens, layout_caves, grunt_orc_garden, grunt_orc_garden,
          grunt_orc_garden, grunt_orc_garden, serial_shops, nicolae_shop_trees,
          basic_altar

Skill      XL: |  1  2  3  4  5  6  7  8  9 10 11 12 13 14 |
---------------+-------------------------------------------+-----
Maces & Flails | 3 4 5 6 8 9 10 11 12 13 | 13.4
Dodging        | 3 |  3.4
Fighting       | 4 5 6 8 9 10 12 13 14 15 | 15.0
Armour         | 1 2 3 4 5 6 7 8 9 |  9.3
Invocations    | 1 2 3 5 6 7 9 10 | 10.8
Stealth        | |  2.1

Action                   |  1- 3 |  4- 6 |  7- 9 | 10-12 | 13-15 || total
-------------------------+-------+-------+-------+-------+-------++-------
Melee: Mace              |    94 |       |    64 |    61 |   108 ||   327
       Dagger            |    39 |   189 |   265 |   117 |       ||   610
       Flail             |       |       |       |   442 |   387 ||   829
Throw: Dart              |       |       |       |    14 |     6 ||    20
Invok: Ancestor Life: Kn |       |     1 |       |       |       ||     1
       Recall Ancestor   |       |       |     1 |     1 |     4 ||     6
       Transference      |       |       |       |     7 |     7 ||    14
Evoke: Wand              |       |       |     5 |     6 |    14 ||    25
       Fan of gales      |       |       |       |       |     1 ||     1
  Use: Scroll            |     5 |     3 |    10 |    16 |     1 ||    35
       Potion            |       |       |       |     5 |     4 ||     9
 Stab: Sleeping          |     2 |       |       |       |       ||     2
       Distracted        |       |       |       |     5 |     4 ||     9
       Invisible         |       |       |       |     1 |       ||     1
       Petrified         |       |       |       |       |     9 ||     9
       Paralysed         |       |       |       |       |     3 ||     3
  Eat: Chunk             |    10 |    15 |    27 |    92 |    94 ||   238
Armor: Robe              |    28 |       |       |       |       ||    28
       Leather armour    |     8 |       |       |       |       ||     8
       Ring mail         |     7 |    24 |       |       |       ||    31
       Plate armour      |       |    79 |   220 |   518 |   333 ||  1150
Dodge: Dodged            |    97 |    73 |    67 |   230 |   153 ||   620
Block: Buckler           |       |     1 |    34 |   112 |    66 ||   213

Table legend:
 A = Non-vault XP
 B = Vault XP
 C = Vault XP percentage of total XP
 D = Non-vault monster count
 E = Vault monster count
 F = Vault count percentage of total count
                 A         B        C        D         E       F
            +---------+---------+-------+---------+---------+-------
      Total |   40527 |   26085 |  39.2 |     352 |      91 |  20.5
            +---------+---------+-------+---------+---------+-------
        D:1 |      51 |       0 |   0.0 |      29 |       0 |   0.0
        D:2 |     156 |      72 |  31.6 |      26 |       2 |   7.1
        D:3 |      64 |       0 |   0.0 |      21 |       0 |   0.0
        D:4 |     360 |     314 |  46.6 |      24 |       6 |  20.0
        D:5 |     322 |       0 |   0.0 |      17 |       0 |   0.0
        D:6 |     333 |     248 |  42.7 |       5 |      12 |  70.6
        D:7 |    1302 |     215 |  14.2 |      15 |       1 |   6.2
        D:8 |    2259 |       0 |   0.0 |      47 |       0 |   0.0
        D:9 |    1416 |     744 |  34.4 |      25 |       6 |  19.4
       D:10 |    1169 |       0 |   0.0 |      12 |       0 |   0.0
     Lair:1 |    6077 |     510 |   7.7 |      25 |       3 |  10.7
     Lair:2 |     732 |     953 |  56.6 |       5 |       6 |  54.5
     Lair:3 |    4299 |     422 |   8.9 |      17 |       3 |  15.0
     Lair:4 |    1557 |     372 |  19.3 |       9 |       1 |  10.0
     Lair:5 |    3231 |     159 |   4.7 |      14 |       1 |   6.7
     Lair:6 |   11660 |   10315 |  46.9 |      32 |      23 |  41.8
      Orc:1 |    5034 |    4765 |  48.6 |      18 |      12 |  40.0
      Orc:2 |     505 |    6996 |  93.3 |      11 |      15 |  57.7
            +---------+---------+-------+---------+---------+-------
